 Dungeon Sprint DCSS version 0.30.1-4-g462c640d31 (webtiles) character file.

Game seed: 15766880956287694415

0 Heoruswealwe the Shooter (level 1, 0/17 HPs)
             Began as a Demigod Hunter on Aug 17, 2023.
             Slain by a merfolk siren
             ... wielding a +0 spear
              (17 damage)
             ... in the Dungeon (Sprint II: "The Violet Keep of Menkaure").
             The game lasted 00:00:48 (30 turns).

Heoruswealwe the Shooter (Demigod Hunter)             Turns: 30, Time: 00:00:48

Health: 0/17       AC:  3    Str: 12    XL:     1   Next: 0%
Magic:  3/3        EV: 12    Int: 11    God:
Gold:   0          SH:  0    Dex: 17    Spells: 0/0 levels left

rFire   . . .        a - +0 shortbow
rCold   . . .        (shield currently unavailable)
rNeg    . . .        c - +0 leather armour
rPois   .            (no helmet)
rElec   .            (no cloak)
rCorr   .            (no gloves)
SInv    .            (no boots)
Will    .....        (no amulet)
Stlth   ++           (no ring)
HPRegen 0.22/turn    (no ring)
MPRegen 0.08/turn

%: no teleportation
@: mesmerised
A: high MP 1, forlorn, divine attributes
a: no special abilities


You were in the Dungeon.
You visited 1 branch

Inventory:

Hand Weapons
 a - a +0 shortbow (weapon)
Armour
 c - a +0 leather armour (worn)
Scrolls
 b - a scroll of immolation
 i - a scroll of blinking
Potions
 d - a potion of curing
 f - a potion of haste
 g - 2 potions of magic
 h - a potion of berserk rage


   Skills:
 + Level 1.7 Fighting
 + Level 3.6 Ranged Weapons
 - Level 1.7 Dodging
 - Level 0.8 Stealth


You couldn't memorise any spells.
You didn't know any spells.
Your spell library was empty.

Dungeon Overview and Level Annotations

Branches:
Dungeon (1/1)


Innate Abilities, Weirdness & Mutations

You have an increased reservoir of magic. (+10% MP)
You shall have no god before yourself.
Your divine heritage dramatically boosts your attributes as you level up.


Message History

The merfolk siren chants its luring song.
You shoot an arrow.
The arrow closely misses the merfolk siren.
The merfolk siren chants its luring song. x2
You shoot an arrow.
The arrow barely misses the merfolk siren.
The merfolk siren chants its luring song.
You shoot an arrow.
The arrow hits the merfolk siren but does no damage.
The merfolk siren is moderately wounded.
The merfolk siren chants its luring song.
You shoot an arrow.
The arrow closely misses the merfolk siren.
The merfolk siren hits you from afar with a +0 spear!
Ouch! That really hurt!
* * * LOW HITPOINT WARNING * * *
The merfolk siren chants its luring song.
You are too injured to fight recklessly!
You feel much better.
The merfolk siren chants its luring song.
You shoot an arrow. The arrow misses the merfolk siren.
The merfolk siren chants its luring song.
You shoot an arrow. The arrow hits the merfolk siren!
The merfolk siren is moderately wounded.
The merfolk siren chants its luring song.
You shoot an arrow. The arrow hits the merfolk siren.
The merfolk siren is moderately wounded.
The merfolk siren chants its luring song. x2
You shoot an arrow.
The arrow hits the merfolk siren but does no damage.
The merfolk siren is moderately wounded.
The merfolk siren chants its luring song.
You shoot an arrow. The arrow hits the merfolk siren.
The merfolk siren is heavily wounded.
The merfolk siren closely misses you.
You shoot an arrow. The arrow hits the merfolk siren.
The merfolk siren is heavily wounded.
The merfolk siren hits you from afar with a +0 spear!
Ouch! That really hurt!
You die...

# ##. #+#
#...##.##
#m'@<.+
#...##.##
##. #+# #


You could see a merfolk siren (mesmerising).

Vanquished Creatures (others)
  Menkaure (D)
1 creature vanquished.

Notes
Turn   | Place    | Note
-------+----------+-------------------------------------------
     0 | D        | Heoruswealwe the Demigod Hunter began the quest for the
                  | Orb.
     0 | D        | Reached XP level 1. HP: 17/17 MP: 3/3
     1 | D        | Noticed a merfolk siren
    27 | D        | Killed Menkaure
    30 | D        | Slain by a merfolk siren

Illustrated notes

Levels and vault maps discovered:
D:        the_violet_keep_of_menkaure [sprint2_stairs_cluster_1,
          sprint2_shoproom, sprint2_temple, sprint2_basic_supplies,
          sprint2_obstacle_6, sprint2_obstacle_1, sprint2_obstacle_5,
          sprint2_obstacle_2, sprint2_obstacle_7, sprint2_timed_cluster_1,
          sprint2_smallroom_cluster_1, sprint2_smallroom_final_cluster_1,
          sprint2_transparent_cluster_1, sprint2_second_timed_cluster_1,
          sprint2_sniper_area_1, sprint2_heavy_combat_area_1,
          sprint2_mutation_trap_area_1, sprint2_forest_area_1,
          sprint2_light_combat_area_1, sprint2_behind_water_1,
          sprint2_near_end_vault_1]

Action                     || total
---------------------------++-------
   Fire: Shortbow          ||    28
    Use: Potion            ||     1
  Dodge: Dodged            ||     2
